Cogmind - Beta 13 @@@ ROGUE MODE // 2024.04.04 @ 20:51:38 Player: Vox Result: Destroyed by G-47 Trooper with Particle Gun Performance ------------- Evolutions (1) 500 Regions Visited (3) 600 Robots Destroyed (29) 145 Value Destroyed (676) 676 Prototype IDs (2) 40 Alien Tech Used (0) 0 Bonus (233) 233 TOTAL SCORE: 2194 Bonus ------- High Alert Combat Kills 53 Follower Combat Kills 180 Cogmind --------- Core Integrity 0/400 Matter 446/450 Energy 97/100 System Corruption 0% Temperature Cool (9) Movement Walking (120) Location -9/Materials Parts ------- > --- POWER (1) -------- (None) > --- PROPULSION (2) --- Aluminum Leg Aluminum Leg > --- UTILITY (4) ------ Improved Heat Sink Medium Storage Unit Compact Matter Pod Propulsion Shielding > --- WEAPON (2) ------- Small Laser Shotgun > --- INVENTORY (10) --- Light Ion Engine Aluminum Leg Aluminum Leg Aluminum Leg Experimental Sensor Array Propulsion Shielding Small Laser Light Assault Rifle Light Assault Rifle Heavy Assault Rifle Peak State ------------ > --- POWER ------------ Light Nuclear Core > --- PROPULSION ------- Carbon-fiber Leg Carbon-fiber Leg > --- UTILITY ---------- Improved Heat Sink Medium Storage Unit Compact Matter Pod Light Armor Plating > --- WEAPON ----------- Light Assault Rifle Light Assault Rifle > --- INVENTORY -------- Light Ion Engine Aluminum Leg Aluminum Leg Aluminum Leg Experimental Sensor Array ECM Suite Light Assault Rifle Light Assault Rifle [Rating: 20] Favorites ----------- Power Light Nuclear Core Engine Ion Engine Power Core Light Nuclear Core Propulsion Aluminum Leg Treads Light Treads Leg Aluminum Leg Utility Medium Storage Unit Device Improved Heat Sink Storage Medium Storage Unit Protection Propulsion Shielding Weapon Light Assault Rifle Energy Gun Small Laser Ballistic Gun Light Assault Rifle Build | -11 -10 -10 -9 ------- Run | Yrd Mat Min Mat Slots Evolved 2 | . . . 2 Power . | . . . . Propulsion . | . . . . Utility 2 | . . . 2 Weapon . | . . . . Parts Attached 36 | 8 1 13 14 Power 5 | 1 . 3 1 Engine 4 | 1 . 2 1 Core 1 | . . 1 . Reactor . | . . . . Propulsion 11 | 4 . 5 2 Treads 2 | 2 . . . Leg 9 | 2 . 5 2 Wheel . | . . . . Hover . | . . . . Flight . | . . . . Utility 9 | 1 1 2 5 Device 2 | . . . 2 Storage 4 | 1 1 2 . Processor . | . . . . Hackware . | . . . . Protection 3 | . . . 3 Artifact . | . . . . Weapon 11 | 2 . 3 6 Energy Gun 3 | . . . 3 Energy Cannon . | . . . . Ballistic Gun 8 | 2 . 3 3 Ballistic Cannon . | . . . . Launcher . | . . . . Special Weapon . | . . . . Impact Weapon . | . . . . Slashing Weapon . | . . . . Piercing Weapon . | . . . . Special Melee Weapon . | . . . . Unidentified Prototypes . | . . . . Parts Lost 7 | . . . 7 Power 2 | . . . 2 Propulsion 2 | . . . 2 Utility 2 | . . . 2 Weapon 1 | . . . 1 Highest Loss Streak 6 | . . . 6 To Critical Strikes . | . . . . Average Slot Usage (%) 98 | . 99 100 95 Engine 7 | . 14 9 2 Core 4 | . . 4 7 Leg 25 | . 28 28 21 Device 1 | . . . 5 Storage 26 | . 27 28 22 Protection 4 | . . . 14 Energy Gun 1 | . . . 4 Ballistic Gun 24 | . 28 28 17 Naked Turns . | . . . . Heaviest Build 22 | 13 15 18 22 Greatest Support 30 | 20 20 30 30 Greatest Overweight (x) 4 | 4 . 1 4 Average Overweight (x) . | 1 . . . Largest Inventory Capacity 10 | 8 8 10 10 Average Capacity 9 | 7 8 9 10 Most Carried 10 | 5 8 10 10 Average Carried 8 | 3 7 9 9 Final Capacity 10 | 8 8 10 10 Final Carried 10 | 5 8 10 10 Class Distribution -------------------- 62% | Scavenger-Mutant 37% | Mutant Dominant Class ---------------- Mutant | -10/Materials Scavenger-Mutant | -10/Mines Scavenger-Mutant | -9/Materials Resources | -11 -10 -10 -9 ----------- Run | Yrd Mat Min Mat Matter Collected 824 | 224 153 259 188 Remotely . | . . . . Salvage Created 898 | . . 397 501 Parts 62 | . . 31 31 Haulers Intercepted . | . . . . Recyclers Shooed 1 | . . 1 . Parts Field Recycled . | . . . . Retrieved Matter . | . . . . Parts Self-Destructed . | . . . . Prevented . | . . . . Kills | -11 -10 -10 -9 ------- Run | Yrd Mat Min Mat Combat Hostiles Destroyed 24 | . . 10 14 Guns 23 | . . 10 13 AOE 1 | . . . 1 Classes Destroyed 6 | . . 4 2 Worker 3 | . . 3 . Recycler 1 | . . 1 . Operator 1 | . . . 1 Swarmer 10 | . . 8 2 Grunt 12 | . . 2 10 Sentry 2 | . . . 2 Best Kill Streak 5 | . . 4 5 Combat Bots Only 4 | . . 3 4 Max Kills in Single Turn 2 | . . 1 2 Gunslinging 1 | . . . 1 Exploded 1 | . . . 1 Melee . | . . . . Uniques/NPCs Destroyed . | . . . . Combat | -11 -10 -10 -9 -------- Run | Yrd Mat Min Mat Hostile Shots Fired 166 | . 4 64 98 Missed 39 | . 3 14 22 Damage Taken 1658 | . 12 477 1169 Core 494 | . . 93 401 Absorbed by Shields . | . . . . Redirected to Shielding 86 | . . . 86 Core Remaining (%) 81 | 100 . 62 . Volleys Fired 98 | . 3 43 52 Largest 2 | . 2 2 2 Hottest 63 | . 40 40 63 Shots Fired 196 | . 6 86 104 Gun 196 | . 6 86 104 Cannon . | . . . . Launcher . | . . . . Special . | . . . . Kinetic 162 | . 6 86 70 Thermal 34 | . . . 34 Explosive . | . . . . Electromagnetic . | . . . . Robot Hit Streak 13 | . 2 12 13 Robot Miss Streak 6 | . 3 4 6 Penetration Max . | . . . . Secondary Targets 4 | . . 1 3 Max Gunslinging Chain 1 | . . 1 1 Shots Hit Robots 124 | . 2 55 67 Core Hits 54 | . . 25 29 Critical Kills . | . . . . Critical Parts Destroyed 1 | . . 1 . Critical Strikes 1 | . . 1 . Destroy 1 | . . 1 . Melee Attacks . | . . . . Impact . | . . . . Slashing . | . . . . Piercing . | . . . . Sneak Attacks . | . . . . Combat Hostiles . | . . . . Follow-up Attacks . | . . . . Damage Inflicted 1320 | . 20 455 845 Guns 1067 | . 20 455 592 Cannons . | . . . . Explosions 253 | . . . 253 Melee . | . . . . Ramming . | . . . . Kinetic 824 | . 20 455 349 Thermal 496 | . . . 496 Explosive . | . . . . Electromagnetic . | . . . . Impact . | . . . . Slashing . | . . . . Piercing . | . . . . Highest Corruption . | . . . . Average Corruption . | . . . . Corruption Purged . | . . . . Corruption Blocked . | . . . . Overload Shots . | . . . . Overflow Damage . | . . . . Projectiles . | . . . . Explosions . | . . . . Melee . | . . . . Knockbacks . | . . . . Impact . | . . . . Kinetic . | . . . . Secondary . | . . . . Self-Inflicted Damage 202 | . . . 202 Shots 2 | . . . 2 Rammed . | . . . . Targets Rammed . | . . . . Kicked . | . . . . Crushed . | . . . . Highest Temperature 86 | . . 34 86 Average Temperature 20 | . . 16 21 Received Heat Transfer 546 | . 6 93 447 Siege Activations . | . . . . Robots Corrupted . | . . . . Combat Hostiles . | . . . . Parts Fried . | . . . . Impact Corruptions . | . . . . Robots Melted . | . . . . Combat Hostiles . | . . . . Parts Melted 2 | . . . 2 Heat Transferred 750 | . . . 750 Parts Sabotaged . | . . . . Parts Stolen . | . . . . Parts Stripped . | . . . . Power Chain Reactions . | . . . . Alert | -11 -10 -10 -9 ------- Run | Yrd Mat Min Mat Peak Influence 587 | . 23 211 587 Initial 23 | . . 8 23 Average 127 | . 11 86 267 Maximum Alert Level 2 | . . 1 2 Low Security (%) 81 | 100 100 97 39 Level 1 11 | . . 2 33 Level 2 7 | . . . 26 Level 3 . | . . . . Level 4 . | . . . . Level 5 . | . . . . High Security . | . . . . Max Security . | . . . . Squads Dispatched 4 | . 1 . 3 Investigation 3 | . 1 . 2 Extermination . | . . . . Reinforcement 1 | . . . 1 Assault . | . . . . Garrison . | . . . . Intercept . | . . . . Searches Triggered . | . . . . Construction Impeded . | . . . . Haulers Reinforced . | . . . . Active Scanning Responses . | . . . . Cargo Convoy Interrupts . | . . . . Stealth | -11 -10 -10 -9 --------- Run | Yrd Mat Min Mat Distress Signals . | . . . . Communications Jammed . | . . . . Distress Signals . | . . . . Times Spotted 49 | . 4 13 32 Peak Tracking Total 9 | . 3 3 9 Tactical Retreats 8 | . . 3 5 Traps | -11 -10 -10 -9 ------- Run | Yrd Mat Min Mat Traps Triggered . | . . . . Indirectly . | . . . . Trap Hack Attempts . | . . . . Triggered . | . . . . Disarmed . | . . . . Reprogrammed . | . . . . Reused . | . . . . Traps Extracted . | . . . . Installed . | . . . . Triggered . | . . . . Machines | -11 -10 -10 -9 ---------- Run | Yrd Mat Min Mat Machines Disabled 4 | . . . 4 Max in Single Turn 4 | . . . 4 Machines Repaired . | . . . . Machines Dismantled . | . . . . Machines Sabotaged . | . . . . Overloaded Fab Kills . | . . . . Hacking | -11 -10 -10 -9 --------- Run | Yrd Mat Min Mat Machines Accessed 7 | . 2 1 4 Terminals 7 | . 2 1 4 Fabricators . | . . . . Repair Stations . | . . . . Recycling Units . | . . . . Scanalyzers . | . . . . Garrison Access . | . . . . Total Hacks 28 | . 8 3 17 Successful 8 | . 2 1 5 Failed 20 | . 6 2 12 Catastrophic 4 | . 1 . 3 Database Lockouts . | . . . . Manual 16 | . 5 3 8 Terminals 28 | . 8 3 17 Fabricators . | . . . . Repair Stations . | . . . . Recycling Units . | . . . . Scanalyzers . | . . . . Garrison Access . | . . . . Terminal Hacks 8 | . 2 1 5 Record 1 | . . . 1 Prototype ID Bank 1 | . . . 1 Level Access Points 1 | . . . 1 Branch Access Points 2 | . 1 1 . Emergency Access Points 1 | . . . 1 Locate Traps 1 | . . . 1 Dispatch Records 1 | . 1 . . Fabricator Hacks . | . . . . Repair Station Hacks . | . . . . Recycling Unit Hacks . | . . . . Scanalyzer . | . . . . Garrison Access Hacks . | . . . . Unauthorized Hacks . | . . . . Terminals . | . . . . Fabricators . | . . . . Repair Stations . | . . . . Recycling Units . | . . . . Scanalyzers . | . . . . Garrison Access . | . . . . Data Cores Recovered . | . . . . Used . | . . . . Hacking Detections 7 | . 2 1 4 Full Trace Events 5 | . 2 1 2 Feedback Events . | . . . . Feedback Blocked . | . . . . Robot Schematics Acquired . | . . . . Robots Built . | . . . . Authchips . | . . . . Time . | . . . . Total Robot Build Rating . | . . . . Part Schematics Acquired . | . . . . Parts Built . | . . . . Authchips . | . . . . Time . | . . . . Total Part Build Rating . | . . . . Parts Repaired . | . . . . Time . | . . . . Parts Recycled . | . . . . Recycled Matter . | . . . . Retrieved Matter . | . . . . Retrieved Components . | . . . . Parts Scanalyzed . | . . . . Part Schematics Acquired . | . . . . Parts Damaged . | . . . . Bothacking | -11 -10 -10 -9 ------------ Run | Yrd Mat Min Mat Used RIF Installer . | . . . . Robots Hacked . | . . . . Non-combat . | . . . . Combat . | . . . . Robot Hacks Applied . | . . . . Relay Couplers Released . | . . . . Fabnet Peak Effective % . | . . . . Robots Rewired . | . . . . Allies Hacked . | . . . . Hacks Repelled . | . . . . Allies | -11 -10 -10 -9 -------- Run | Yrd Mat Min Mat Total Allies 3 | . . 3 . Largest Group 3 | . . 3 3 Highest-Rated Group 40 | . . 40 40 Highest-Rated Ally 16 | . . 16 16 Total Orders . | . . . . Ally Attacks 55 | . . 6 49 Total Damage 472 | . . 85 387 Kills 13 | . . 2 11 Allies Corrupted . | . . . . Allies Melted . | . . . . Intel | -11 -10 -10 -9 ------- Run | Yrd Mat Min Mat Robot Analysis Total . | . . . . Derelict Logs Recovered 3 | . . 3 . Drone Launches . | . . . . Drone Recoveries . | . . . . Exploration | -11 -10 -10 -9 ------------- Run | Yrd Mat Min Mat Turns Passed 2043 | 79 217 1158 589 Spaces Moved 1293 | 46 154 802 291 Core 37 | 31 . . 6 Treads . | . . . . Legs 1256 | 15 154 802 285 Wheels . | . . . . Hover . | . . . . Flight . | . . . . Fastest Speed 50 | 50 120 120 120 Average Speed 123 | 134 120 123 122 Slowest Speed 250 | 250 120 190 250 Overloaded Moves . | . . . . Propulsion Burnouts . | . . . . Robots Hopped . | . . . . Cave-ins Triggered . | . . . . Exploration Rate (%) 39 | 3 25 99 31 Regions Visited 3 Branch Regions 1 Pre-discovered Areas 2 | . . 2 . Known Exits Taken 1 | . 1 . . Unknown Exits Taken 2 | 1 . 1 . Scrap Searched 1 | . . 1 . Spaces Dug . | . . . . Terrain Destroyed 31 | . . . 31 Melee . | . . . . Projectile . | . . . . AOE 31 | . . . 31 Terrain Rammed . | . . . . Walls Destroyed . | . . . . Machines Disabled . | . . . . Actions | -11 -10 -10 -9 --------- Run | Yrd Mat Min Mat Total 1575 | 59 180 903 433 Wait 107 | 1 20 24 62 Move 1290 | 45 153 801 291 Hop . | . . . . Pick Up 20 | 5 3 6 6 Fast Attach 14 | 6 1 2 5 Attach 4 | . . . 4 Detach 1 | . . . 1 Swap 18 | 2 . 11 5 Drop 23 | . . 16 7 Fire 98 | . 3 43 52 Melee . | . . . . Ram . | . . . . Kick . | . . . . Crush . | . . . . Escape Stasis . | . . . . Rewire . | . . . . Trap . | . . . . Miscellaneous . | . . . . Route ------- -11/Scrapyard -10/Materials (discovered 2 exits: *Min x2) -10/Mines (discovered 4 exits: *Mat x2 / [*Exi] / [*Sub]) -9/Materials (discovered 3 exits: *Mat x3) History --------- Turn | Location | Event 7 | -11/Scrapyard | Discovered new exit (range 15) 80 | -11/Scrapyard | Entered Materials 212 | -10/Materials | Identified exit to Mines 297 | -10/Materials | Entered Mines 301 | -10/Mines | Build established: Mutant 316 | -10/Mines | Met a Derelict bent on vengeance 502 | -10/Mines | Learned Materials stockpile data 536 | -10/Mines | Found a damaged Exp. Sensor Array with a note attached 539 | -10/Mines | Found Prototype Device 556 | -10/Mines | Learned Materials emergency access door positions 672 | -10/Mines | Learned location of Zion (-7) 845 | -10/Mines | Discovered new exit (range 8) 886 | -10/Mines | Learned location of Storage (-8) 973 | -10/Mines | Discovered new exit (range 7) 995 | -10/Mines | Assisted by bots powering up and referring to "LRC-V3" 1053 | -10/Mines | Build established: Scavenger-Mutant 1197 | -10/Mines | Deemed a non-threat by the Exiles lab entrance 1198 | -10/Mines | Discovered new exit (range 5) 1392 | -10/Mines | Discovered new exit (range 8) 1455 | -10/Mines | Entered Materials 1455 | -9/Materials | Accompanied by 3 allies 1455 | -9/Materials | Evolved 2 slots: Utility x2 1708 | -9/Materials | Identified exit to Materials 1886 | -9/Materials | Lost 6 parts (1p2n2u1w) 1911 | -9/Materials | Core integrity fell below 50% 1911 | -9/Materials | Core integrity fell below 20% 2044 | -9/Materials | Destroyed by G-47 Trooper with Particle Gun Last Messages --------------- K-01 Serf collects debris. U-05 Engineer builds a Wall. Acquired Sml. Laser. U-05 Engineer lays Concrete. U-05 Engineer builds a Door. U-05 Engineer builds a Wall. U-05 Engineer lays Concrete. U-05 Engineer builds a Wall. U-05 Engineer lays Concrete. U-05 Engineer builds a Wall. Acquired 36 matter. Sml. Laser melted. G-34 Mercenary destroyed. Ion Engine destroyed. Y-45 Defender destroyed. Acquired 4 matter. Dropped Lgt. Assault Rifle. Acquired Hvy. Assault Rifle. Dropped Sml. Laser. Acquired 10 matter. Map ----- +----------------------------------------------------+ | ???????????????????????????????????????????????? | | ???????????????????????????????????????????????? | | ???????????????????????????????????????????????? | | ???????????????????????????????????????????????? | | ???????????????????????????????????????????????? | | ???????????????????????????????????????????????? | | ????!??????????????????????????????????????????? | | ???????????????????????????????????????????????? | | ???????????????????????????????????????????????? | | ???????????????????????????????????????????????? | | ???????????????????????????????????????????????? | | ???????????????????????????????????????????????? | | ##########?????????????????????????????????????? | | ###???????????????????????????????????? | | "#??????????????????????? #??????????? | | "#?????????????????????? #??????????? | | #?????"R?????????????? ???????????? | | #????#" "######?????? ????????????? | | #???? #?????! ?????????????? | | * = ""#???? ! #????!/ ??????????????? | | " #???# #??? !/???????????????? | | " ""##???# """ """ #?##+####?????????????? | | #????# """ """ #? g +?????????????? | | ####*######????# """ """ #!!=g #?????????????? | | ####+###???????# #!== #?????????????? | | T #???????# @!== #?????????????? | | #######?#######;### ! #?????????????? | | # [####### ###+#####?????????????? | | """ # ! ???????????? | | """""%+ =% ??????????? | | """"" # %[ ???????????? | | """"" # ####### ####### #???????????? | | """ ## ######### ##?????????????????????? | | ## # # #??????????????????????? | | ?######## # # #??????????????????????? | | ????????# + # #??????????????????????? | | ????????# # # #????????????